Map: Acid Plant LE

Players

Lambo - Winner!

  • Race: Zerg Zerg
  • League: Master
  • Spawn Location: 11:00

Clem

  • Race: Terran Terran
  • League: Master
  • Spawn Location: 5:00

Event: HomeStory Cup XVIII

VOD

Have the link to the VOD?

Description

Time

  • Played on: Nov. 23, 2018, 11:29 a.m.
  • Length: 10:48

All games in this series

Show
View Real Time Build Order
Export as new Build Order

Lambo Zerg - Winner!

Build Orders: Hatch First 

Get SALT Encoding   

  12  0:01  Drone  
  13  0:13  Overlord  
  13  0:18  Drone  
  14  0:31  Drone x2  
  16  0:48  Hatchery  
  15  0:51  Drone  
  15  0:55  Drone  
  17  0:58  Drone  
  18  1:09  Extractor  
  17  1:13  Spawning Pool  
  17  1:17  Drone  
  17  1:20  Drone  
  18  1:28  Drone  
  19  1:39  Drone  
  20  1:50  Overlord  
  20  2:00  Queen x2  
  20  2:01  Zergling x4  
  26  2:15  Metabolic Boost  
  26  2:16  Drone x2  
  28  2:24  Drone  
  28  2:25  Drone  
  30  2:38  Hatchery  
  30  2:40  Drone  
  30  2:45  Queen  
  32  2:51  Overlord  
  32  2:57  Drone  
  33  3:00  Drone x2  
  35  3:06  Drone  
  35  3:12  Drone x2  
  38  3:13  Drone x2  
  38  3:16  Overlord  
  38  3:18  Drone  
  41  3:21  Drone  
  41  3:23  Queen  
  44  3:34  Queen, Overlord  
  44  3:37  Drone  
  47  3:43  Zergling x4  
  49  3:49  Zergling x4  
  49  3:51  Drone x2  
  49  3:53  Overlord  
  49  3:55  Drone x3  
  56  3:59  Overlord  
  56  4:01  Drone  
  57  4:07  Drone  
  57  4:09  Drone  
  61  4:12  Drone  
  61  4:16  Drone, Evolution Chamber  
  62  4:18  Drone  
  62  4:19  Evolution Chamber  
  62  4:23  Drone x2, Spore Crawler  
  62  4:24  Drone  
  64  4:25  Drone  
  64  4:28  Drone x2  
  67  4:34  Drone  
  67  4:36  Extractor  
  67  4:37  Extractor, Drone x3  
  67  4:39  Zergling x2  
  67  4:41  Zergling x2  
  69  4:48  Drone  
  69  4:49  Drone  
  69  4:51  Queen  
  69  4:52  Zerg Ground Armor Level 1, Zerg Melee Weapons Level 1  
  73  4:57  Overlord  
  73  4:58  Drone, Overlord  
  74  5:03  Overlord  
  74  5:05  Overlord  
  74  5:06  Lair  
  74  5:09  Overlord  
  74  5:13  Overlord  
  74  5:15  Queen  
  74  5:17  Drone x4  
  80  5:22  Drone x2  
  80  5:23  Drone x3  
  80  5:24  Drone  
  80  5:27  Drone, Baneling Nest  
  86  5:30  Drone x2  
  85  5:44  Extractor, Drone x2  
  85  5:45  Extractor  
  85  5:47  Extractor  
  85  5:48  Hatchery  
  83  5:50  Zergling x10  
  83  5:55  Drone  
  89  5:58  Drone  
  89  6:00  Drone  
  91  6:07  Drone x4  
  95  6:12  Pneumatized Carapace, Overlord  
  95  6:13  Hydralisk Den  
  94  6:19  Zergling x10  
  94  6:21  Centrifical Hooks  
  94  6:25  Zergling x2  
  100  6:29  Zergling x4  
  100  6:30  Baneling x5  
  102  6:35  Zergling x12  
  102  6:39  Zergling x4  
  110  6:42  Zergling x6  
  110  6:45  Grooved Spines  
  113  6:50  Hydralisk x3  
  119  6:55  Zergling x2  
  119  6:58  Queen  
  121  7:05  Zergling x14  
  120  7:12  Zergling x10  
  118  7:16  Hydralisk x4  
  118  7:20  Hydralisk  
  122  7:23  Hydralisk  
  122  7:26  Zerg Melee Weapons Level 2, Zerg Ground Armor Level 2  
  111  7:31  Hydralisk x2  
  111  7:37  Hydralisk x2, Zergling x2  
  113  7:45  Hydralisk x2, Zergling x2  
  113  7:49  Drone x2  
  120  7:54  Hydralisk  
  120  7:55  Zergling x2  
  120  7:56  Muscular Augments  
  123  8:01  Drone x4  
  127  8:10  Hydralisk  
  127  8:12  Overlord  
  127  8:13  Overlord  
  127  8:14  Overlord  
  127  8:15  Overlord  
  127  8:17  Overlord  
  127  8:18  Overlord  
  127  8:20  Overlord  
  127  8:24  Overlord  
  126  8:29  Zergling x4  
  126  8:30  Overlord, Zergling x2  
  128  8:34  Drone x5  
  128  8:39  Infestation Pit, Drone x2  
  134  8:43  Overseer  
  134  8:45  Hydralisk x2  
  138  8:50  Zergling x10  
  143  8:59  Drone x6  
  143  9:01  Drone x2  
  151  9:04  Hydralisk  
  153  9:13  Extractor  
  151  9:18  Hydralisk, Zergling x4  
  151  9:19  Zergling x4  
  151  9:22  Hatchery, Spore Crawler  
  155  9:25  Hydralisk x2  
  159  9:35  Hydralisk x4  
  159  9:36  Zergling x2  
  168  9:40  Drone x2  
  168  9:41  Drone x2  
  167  9:56  Baneling x13  
  167  9:57  Baneling x9  
  166  10:09  Zergling x28  
  176  10:15  Zergling x12  
  176  10:20  Zergling x6  
  179  10:26  Zergling x6  
  176  10:28  Zergling x2  
  176  10:29  Zergling x2  
Show
View Real Time Build Order
Export as new Build Order

Clem Terran 

Build Orders: Gas First Reaper Expand, Hellion Opening, Reaper Expand 

Get SALT Encoding   

  12  0:00  SCV  
  13  0:13  SCV  
  14  0:17  Supply Depot  
  14  0:25  SCV  
  15  0:31  Refinery  
  15  0:38  SCV  
  16  0:44  Barracks  
  16  0:51  SCV  
  17  1:03  SCV  
  18  1:15  SCV  
  19  1:31  Reaper, Orbital Command  
  20  1:43  Command Center  
  20  1:54  Factory  
  20  1:58  SCV  
  21  2:07  Barracks Reactor  
  21  2:08  Supply Depot  
  21  2:14  SCV  
  22  2:20  Refinery  
  22  2:26  SCV  
  23  2:38  SCV  
  24  2:44  Starport  
  24  2:48  Hellion x2  
  24  2:50  SCV  
  29  2:52  Barracks Tech Lab  
  30  2:58  Orbital Command  
  30  3:02  SCV  
  32  3:12  Hellion  
  32  3:15  Hellion  
  32  3:17  SCV  
  35  3:24  SCV  
  36  3:29  SCV  
  36  3:34  Supply Depot, Raven  
  37  3:37  Hellion  
  37  3:39  Hellion  
  37  3:40  SCV  
  44  3:44  SCV  
  45  3:52  SCV, Barracks Tech Lab  
  46  3:56  SCV  
  46  3:58  Supply Depot  
  47  4:04  SCV  
  47  4:08  Factory Reactor, SCV  
  49  4:11  Marine, Stimpack  
  49  4:16  SCV  
  51  4:20  SCV  
  52  4:25  Starport Reactor  
  52  4:28  SCV  
  52  4:29  Marine, Command Center  
  54  4:32  SCV  
  54  4:33  Supply Depot  
  55  4:40  Barracks  
  55  4:41  Barracks  
  55  4:44  SCV  
  56  4:47  Marine  
  56  4:49  SCV  
  58  4:56  Engineering Bay  
  58  4:57  SCV  
  58  4:58  Engineering Bay  
  59  5:01  SCV  
  59  5:03  Refinery  
  59  5:04  Marine, Refinery  
  59  5:06  Factory Reactor  
  61  5:09  SCV  
  61  5:12  Supply Depot  
  62  5:15  SCV  
  63  5:22  Marine, SCV  
  63  5:24  Terran Infantry Weapons Level 1, Terran Infantry Armor Level 1  
  63  5:26  Supply Depot  
  65  5:30  Marine  
  65  5:31  Marine, SCV  
  68  5:37  Supply Depot  
  68  5:39  SCV  
  68  5:40  Marine  
  68  5:41  Marine x2  
  72  5:42  Medivac x2  
  72  5:46  Orbital Command  
  76  5:52  Widow Mine x2, Marine  
  76  5:54  Marine  
  82  5:57  SCV  
  82  5:58  Marine  
  82  5:59  Marine  
  82  6:01  Marine  
  86  6:06  Supply Depot  
  86  6:07  SCV  
  86  6:09  SCV  
  86  6:10  Marine  
  89  6:11  Orbital Command  
  89  6:12  Marine  
  89  6:13  Widow Mine x2  
  94  6:19  Barracks  
  94  6:21  Barracks  
  94  6:30  Marine  
  94  6:31  Marine  
  96  6:35  Armory, Supply Depot  
  96  6:37  SCV x2  
  96  6:39  Marine  
  99  6:41  Medivac x2  
  99  6:43  Widow Mine, SCV  
  99  6:44  Supply Depot x2  
  106  6:48  Widow Mine  
  106  6:50  SCV  
  106  6:52  Marine x2  
  111  6:54  SCV  
  111  6:55  Marine x2, SCV  
  115  7:02  SCV  
  115  7:04  Marine  
  113  7:08  Widow Mine  
  113  7:09  SCV  
  113  7:10  Marine x2  
  113  7:12  SCV  
  113  7:13  Marine x4  
  103  7:18  Widow Mine  
  103  7:21  SCV  
  86  7:29  Marine x3  
  84  7:30  SCV  
  83  7:38  Combat Shield  
  83  7:43  Terran Infantry Armor Level 2, Terran Infantry Weapons Level 2  
  83  7:44  Barracks Reactor  
  83  7:46  Widow Mine x2  
  83  7:47  Marine, Barracks Reactor  
  83  7:48  Marine  
  83  7:50  SCV x2  
  91  7:52  SCV  
  92  8:00  Marine, Medivac x2  
  92  8:01  Marine  
  92  8:04  SCV  
  92  8:05  SCV  
  100  8:09  SCV  
  100  8:10  Marine x2  
  100  8:12  Marine  
  94  8:17  SCV  
  94  8:18  Widow Mine x2, Marine  
  94  8:19  Marine  
  88  8:24  SCV  
  88  8:25  SCV  
  88  8:27  Marine x2  
  88  8:29  Marine, SCV  
  88  8:30  Marine  
  88  8:33  Marine x3  
  96  8:35  Marine  
  96  8:37  Marine  
  96  8:39  Widow Mine  
  96  8:40  SCV x2  
  102  8:41  Factory  
  102  8:45  Marine x2  
  104  8:52  Bunker  
  104  8:53  Bunker  
  104  8:55  Marine x2, SCV x2  
  106  8:56  Supply Depot  
  106  9:01  Marine  
  106  9:02  Marine  
  110  9:03  Widow Mine x2  
  110  9:04  Marine x3  
  110  9:07  Marine x2  
  110  9:08  SCV x2  
  110  9:09  SCV  
  122  9:10  Medivac x2  
  122  9:13  Marine  
  122  9:14  Supply Depot, Marine  
  128  9:20  Marine x2, SCV  
  128  9:21  SCV x2  
  123  9:25  Marine  
  123  9:26  Command Center  
  122  9:31  Marine  
  122  9:33  SCV x3  
  122  9:34  Widow Mine  
  122  9:36  Marine x2  
  122  9:37  Marauder  
  128  9:42  Widow Mine  
  128  9:43  Widow Mine  
  128  9:45  Marine x2, SCV x2  
  130  9:46  Refinery  
  130  9:47  Marine x2, Refinery  
  130  9:50  Marine x2  
  136  9:54  Marine  
  136  9:56  Marine  
  136  9:58  Marauder  
  140  10:02  Sensor Tower  
  139  10:17  Medivac  
  139  10:18  Widow Mine  
  139  10:20  Marine  
  135  10:24  Marauder  
  135  10:25  Widow Mine  
  135  10:26  Marine  
  129  10:28  Marine  
Tags
 
Add a new tag
Caveats
  • Supply blocks, unpowered buildings, or Contaminate may cause inaccurate times.
  • Supply counts are checked every 10 seconds.